 Dungeon Crawl Stone Soup version 0.32-a0-814-g0968bab981 (webtiles) character file.

Game seed: 1567034075754525088

296 Aldia the Chopper (level 6, 0/44 (52) HPs)
             Began as a Mountain Dwarf Reaver on Mar 22, 2024.
             Slain by Edmund
             ... wielding a +2 flail of venom
              (5 damage)
             ... on level 4 of the Dungeon.
             The game lasted 00:08:06 (3010 turns).

Aldia the Chopper (Mountain Dwarf Reaver)           Turns: 3010, Time: 00:08:08

HP:   0/44 (52)     AC: 10    Str: 17    XL:     6   Next: 12%
MP:   8/8           EV:  7    Int: 13    God:
Gold: 60            SH:  0    Dex: 14    Spells: 7/8 levels left

rFire   . . .        r - +1 hand axe (drain)
rCold   + . .        (no shield)
rNeg    . . .        s - +0 chain mail {rC+}
rPois   .            j - +0 helmet
rElec   .            (no cloak)
rCorr   .            (no gloves)
SInv    .            (no boots)
Will    .....        (no amulet) Stlth
                     p - +6 ring of dexterity
HPRegen 0.27/turn    (no ring)
MPRegen 0.11/turn

%: no passive effects
@: lethally poisoned (0 -> -5), heavily drained
A: runic magic, artefact enchanting
a: no special abilities


You were on level 4 of the Dungeon.
You visited 1 branch of the dungeon, and saw 4 of its levels.

You collected 164 gold pieces.
You spent 104 gold pieces at shops.

Inventory:

Hand Weapons
 a - a +0 spectral hand axe
 r - a +1 hand axe of draining (weapon)
Armour
 c - a +0 plate armour
 j - a +0 helmet (worn)
 s - a +0 chain mail of cold resistance (worn)
Jewellery
 p - a +6 ring of dexterity (left hand)
Scrolls
 b - a scroll of vulnerability {unknown}
 d - a scroll of brand weapon
 f - a scroll of silence {unknown}
 m - a scroll of poison
 n - 2 scrolls of enchant armour {unknown}
 q - a scroll of amnesia {unknown}
Potions
 g - 2 potions of attraction
 i - a potion of curing
 k - 2 potions of heal wounds
 l - 2 potions of ambrosia
 o - 3 potions of lignification


   Skills:
 + Level 3.7 Fighting
 * Level 6.2 Axes
 + Level 2.7 Armour
 - Level 1.3 Dodging
 - Level 1.7 Spellcasting
 - Level 2.6 Conjurations
 + Level 2.1 Necromancy


You had 7 spell levels left.
You knew the following spells:

 Your Spells              Type           Power      Damage    Failure   Level
a - Kiss of Death         Conj/Necr      28%        2d7       17%         1

Your spell library contained the following spells:

 Spells                   Type           Power      Damage    Failure   Level
 Momentum Strike          Conj/Tloc      8%         3d8       38%         2
 Dazzling Flash           Conj/Hex       8%         N/A       63%         3
 Hailstorm                Conj/Ice       4%         3d5       63%         3
 Mephitic Cloud           Conj/Alch/Air  3%         N/A       67%         3
 Curse of Agony           Necr           6%         N/A       99%         5
 Silence                  Hex/Air        0%         N/A       100%        5


Dungeon Overview and Level Annotations

Branches:
Dungeon (4/15)
 Temple: D:4-7

Altars:

Shops:
D:2 !   D:3 [:(=(

Annotations:
D:4 Edmund


Innate Abilities, Weirdness & Mutations

Your spellcasting is much less encumbered by armour.
You can use scrolls of enchantment on lesser artefacts.


Message History

You hit Edmund but do no damage.
Edmund is moderately wounded.
You feel sick.
Edmund hits you with a +2 flail of venom.
You hit Edmund.
Edmund is moderately wounded.
You feel sick.
Edmund hits you with a +2 flail of venom!
You hit Edmund. You drain Edmund.
Edmund is heavily wounded.
You feel sick.
Edmund hits you with a +2 flail of venom.
You hit Edmund but do no damage.
Edmund is heavily wounded.
You feel sick.
You are no longer poisoned.
A quokka comes into view.
Edmund barely misses you.
The quokka moves out of view.
You slash Edmund!
Edmund is severely wounded.
Edmund hits you with a +2 flail of venom.
* * * LOW HITPOINT WARNING * * *
You are lethally poisoned!
You hit Edmund but do no damage.
Edmund is severely wounded.
* * * LOW HITPOINT WARNING * * *
You feel very sick. Edmund hits you but does no damage.
You barely miss Edmund.
Edmund is severely wounded.
* * * LOW HITPOINT WARNING * * *
You feel very sick. Edmund hits you but does no damage.
You hit Edmund. You drain Edmund.
Edmund is severely wounded.
* * * LOW HITPOINT WARNING * * *
You feel sick.
Edmund hits you with a +2 flail of venom.
You die...
Edmund says, "That'll show my brother!"

.... ..... .....
...#...... #..#......
........##. #
.......##. .#.#
#..##.##.
.....#...#(##.
...:...@....#.##
..#.@....#..##
###.....##..#####
.................#
.........####.###$...
##..#...... #.#### #
##.........#....#
##........####.##
#..........#<...#
#?..............#


You could see Edmund (very drained).

Vanquished Creatures
  A howler monkey (D:4)
  An orc priest (D:3)
  An iguana (D:3)
  2 orc wizards (D:3)
  5 adders
  2 ribbon worms
  2 dart slugs
  9 orcs (D:3)
  6 ball pythons
  4 endoplasms
  7 giant cockroaches
  3 goblins
  11 hobgoblins
  7 jackals
  5 kobolds
  A quokka (D:1)
  9 bats
  2 frilled lizards
  11 rats
89 creatures vanquished.

Notes
Turn   | Place    | Note
-------+----------+-------------------------------------------
     0 | D:1      | Aldia the Mountain Dwarf Reaver began the quest for the
                  | Orb.
     0 | D:1      | Reached XP level 1. HP: 17/17 MP: 3/3
   181 | D:1      | Reached skill level 4 in Axes
   231 | D:1      | Reached XP level 2. HP: 25/25 MP: 4/4
   305 | D:1      | Reached skill level 1 in Armour
   422 | D:1      | Found a faded altar of an unknown god.
   659 | D:1      | Reached XP level 3. HP: 28/30 MP: 5/5
  1185 | D:2      | Found Leorrol's Distillery.
  1501 | D:2      | Reached XP level 4. HP: 31/38 MP: 6/6
  1612 | D:2      | Reached skill level 5 in Axes
  1722 | D:2      | Bought a potion of heal wounds for 65 gold pieces
  1752 | D:3      | Reached skill level 1 in Necromancy
  1871 | D:3      | Found Firar's Antique Armour Boutique.
  1916 | D:3      | Found Voinoyp's Book Shop.
  1952 | D:3      | Found Cishishre's Weapon Shop.
  2037 | D:3      | Reached XP level 5. HP: 23/45 MP: 7/7
  2164 | D:3      | Found Qaikhiow's Jewellery Shop.
  2164 | D:3      | Found Onwar's Weapon Shoppe.
  2471 | D:3      | Reached skill level 6 in Axes
  2843 | D:2      | Bought a potion of lignification for 39 gold pieces
  2988 | D:4      | Reached XP level 6. HP: 49/52 MP: 8/8
  2992 | D:4      | Noticed Edmund
  3010 | D:4      | Slain by Edmund

Illustrated notes

Levels and vault maps discovered:
D:1:      tekkud_arrival_beachfront_property, layout_basic,
          shapermc_ecumenical_altar_flowoftime, st_stairs_7
D:2:      layout_loops_cross, serial_shops, nicolae_shop_crystal,
          minmay_tetromino_o4
D:3:      minmay_inner_zag, layout_rooms, serial_shops, nicolae_shop_dealshenge,
          shop, shop, nicolae_shop_bloodbath_and_beyond, shop_fountains,
          amethyst_killhole
D:4:      layout_rooms, nicolae_overflow_two_pavilions, portal_sewer_entry_f,
          kennysheep_generic_room_9, uniq_crazy_yiuf_cottage, uniq_edmund

Skill      XL: |  1  2  3  4  5 |
---------------+----------------+-----
Axes           | 4 5 6 |  6.2
Armour         | 1 2 |  2.7
Fighting       | 3 |  3.7
Necromancy     | 1 2 |  2.1
Dodging        | |  1.3
Spellcasting   | |  1.7
Conjurations   | |  2.6

Action                     |  1- 3 |  4- 6 || total
---------------------------+-------+-------++-------
  Melee: Hand axe          |   183 |   188 ||   371
   Cast: Kiss of Death     |       |     1 ||     1
    Use: Scroll            |       |     6 ||     6
 Armour: Leather armour    |    54 |       ||    54
         Scale mail        |    42 |       ||    42
         Chain mail        |    63 |   155 ||   218
         Plate armour      |       |    19 ||    19
  Dodge: Dodged            |   100 |    65 ||   165

Table legend: (Time is in decaauts)
 A = Elapsed time spent in this place.
 B = Non-inter-level travel time spent in this place.
 C = Inter-level travel time spent in this place.
 D = Time resting spent in this place.
 E = Time spent auto-exploring this place.
 F = Levels seen in this place.
 G = Mean time per level.
                   A        B        C        D        E       F      G
               +--------+--------+--------+--------+--------+-----+--------+
         Total |   3030 |   2783 |    247 |      2 |   1933 |   4 |  757.5 |
       Dungeon |   3030 |   2783 |    247 |      2 |   1933 |   4 |  757.5 |
               +--------+--------+--------+--------+--------+-----+--------+

Top non-repeatable levels by time:
     D:3: 1154 daAuts
     D:1: 1041 daAuts
     D:2: 782 daAuts
     D:4: 52 daAuts
